 Dungeon Crawl Stone Soup version 0.17-a0-1830-g81820eb (webtiles) character file.

251 enrike the Shooter (level 5, -7/42 HPs)
             Began as a Centaur Hunter on Sept 13, 2015.
             Mangled by an orc warrior
             ... wielding a +0 halberd
              (19 damage)
             ... on level 6 of the Dungeon.
             The game lasted 00:30:43 (3966 turns).

enrike the Shooter (Centaur Hunter)                 Turns: 3966, Time: 00:30:50

Health: -7/42      AC:  8    Str: 16    XL:     5   Next: 88%
Magic:  5/5        EV:  5    Int: 15    God:
Gold:   84         SH:  0    Dex:  9    Spells: 0 memorised, 4 levels left

rFire  . . .     SeeInvis .     a - +1 shortbow
rCold  . . .     Clarity  .     u - +0 chain mail
rNeg   . . .     SustAt   .     (no shield)
rPois  .         Gourm    .     (no helmet)
rElec  .         Spirit   .     j - +0 cloak
rCorr  .         Warding  .     (no gloves)
rMut   +         Stasis   .     (no barding)
MR     .....                    k - amulet of resist mutation
Stlth  ..........               (no ring)
                                h - +5 ring of intelligence

@: very quick, not resistant to hostile enchantments, extremely unstealthy
A: hooves 3, deformed body, speed 2, tough skin 3
a: no special abilities


You were on level 6 of the Dungeon.
You were hungry.

You visited 1 branch of the dungeon, and saw 6 of its levels.

You collected 84 gold pieces.

Inventory:

Hand weapons
 a - a +1 shortbow (weapon)
 c - a +0 short sword
 m - a cursed -2 dagger
 o - a +1 dagger of speed
 y - a +0 broad axe
Armour
 d - a +0 leather armour
 g - a +1 leather armour
 j - a +0 cloak (worn)
 l - a +0 robe
 p - a +0 ring mail
 r - a +0 robe
 u - a +0 chain mail (worn)
 v - a +0 chain mail
Jewellery
 h - a +5 ring of intelligence (left hand)
 k - an amulet of resist mutation (around neck)
Magical devices
 t - a wand of polymorph (14)
Scrolls
 e - a scroll of immolation
 i - a scroll of amnesia
 x - 4 scrolls of identify
Potions
 f - 2 potions of magic
 n - 2 potions of curing
 q - 2 potions of lignification
Books
 w - a book of Cantrips

   Spells                             Type                      Level
   a - Corona                         Hexes                        1
   b - Animate Skeleton               Necromancy                   1
   c - Summon Small Mammal            Summoning                    1
   d - Apportation                    Translocation                1
Comestibles
 s - 5 bread rations


   Skills:
 + Level 2.4 Fighting
 + Level 7.8 Bows
 + Level 1.5 Armour
 + Level 2.4 Dodging
 + Level 0.5 Stealth


You had 4 spell levels left.
You didn't know any spells.

Dungeon Overview and Level Annotations

Branches:
Dungeon (6/15)             Temple (0/1) D:4

Altars:
The Shining One


Innate Abilities, Weirdness & Mutations

You have hooves in place of feet.
Armour fits poorly on your strangely shaped body.
You cover ground very quickly.
You have extremely tough skin (AC +3).


Message History

The orc hits you but does no damage.
You climb upwards.
The hound zombie bites you.
* * * LOW HITPOINT WARNING * * *
The hound zombie bites you but does no damage.
There is a stone staircase leading down here.
The hound zombie bites you but does no damage.
The sky beast flickers out of sight!
Deactivating autopickup; reactivate with Ctrl-A.
A sky beast appears from thin air!
Reactivating autopickup.
The hound zombie bites you but does no damage.
There is a stone staircase leading down here.
The hound zombie bites you but does no damage.
The sky beast flickers out of sight!
Deactivating autopickup; reactivate with Ctrl-A.
You climb downwards.
The orc warrior shouts!
The orc shouts!
The orc warrior barely misses you.
The orc warrior hits you from afar with a halberd!!
You die...

......................
......................
.(....................
......................
.................?....
......................
......................
.......@..............
.......Z.o............
..........o...........
...............o......
......................
....(........5.lo.....
............(l<.......
......................
...............


You could see an orc warrior, a shadow imp, an orc, a wyvern zombie and a giant
gecko.

Vanquished Creatures
  2 jellies (D:5)
  An orc wizard (D:4)
  A hound skeleton (D:5)
  A gnoll (D:1)
  9 adders
  4 giant geckos
  6 bats
  5 giant cockroaches
  9 goblins
  8 hobgoblins
  2 quokkas (D:2)
  5 giant newts
  6 kobolds
  7 rats
66 creatures vanquished.

Notes
Turn   | Place    | Note
--------------------------------------------------------------
     0 | D:1      | enrike the Centaur Hunter began the quest for the Orb.
     0 | D:1      | Reached XP level 1. HP: 17/17 MP: 1/1
   267 | D:1      | Reached XP level 2. HP: 24/24 MP: 2/2
   693 | D:1      | Reached skill level 6 in Bows
   748 | D:1      | Reached XP level 3. HP: 27/29 MP: 3/3
  1785 | D:2      | Reached XP level 4. HP: 34/36 MP: 4/4
  2118 | D:2      | Reached skill level 7 in Bows
  2792 | D:3      | Found a glowing golden altar of the Shining One.
  3039 | D:3      | Reached XP level 5. HP: 41/41 MP: 5/5
  3278 | D:4      | Reached skill level 1 in Armour
  3347 | D:4      | Noticed an ogre
  3380 | D:4      | Found a staircase to the Ecumenical Temple.
  3436 | D:5      | Entered Level 5 of the Dungeon
  3798 | D:5      | Noticed a centaur
  3801 | D:6      | Noticed an orc warrior
  3914 | D:5      | Noticed a sky beast
  3966 | D:6      | Mangled by an orc warrior

Vault maps used:
D:1:      minmay_arrival_pointy
D:2:      kennysheep_six_static_rooms
D:3:      tso_metal_star, uniq_grinder
D:4:      zin_angel, minmay_temple_entry_glassed_door, gup_sewer_entry_bubbles
D:5:      first_bread
D:6:      trog_eyes_of_draining, serial_shops, shop, uniq_crazy_yiuf_cottage,
          uniq_menkaure

Action                   |  1- 3 |  4- 6 || total
-------------------------+-------+-------++-------
Melee: Shortbow          |     2 |     4 ||     6
       Short sword       |     8 |       ||     8
       Dagger            |       |    93 ||    93
 Fire: Shortbow          |   124 |   102 ||   226
  Use: Scroll            |     7 |     5 ||    12
  Eat: Bread ration      |     1 |       ||     1
       Beef jerky        |       |     1 ||     1
